cohdb
Replays
Latest Replays
All Replays
Popular Replays
Top Player Replays
Match Explorer
How It Works
Community
CoH3 Stats
Reddit
Sign in to upload your games and track your stats! →
Sign in with Steam
Match 41274840
Unlisted
Match 41274840
Overview
Messages
Build Orders
End
Construct Barracks
Selects Heavy Weapons
Engineer Squad
Riflemen Squad
Riflemen Squad
Riflemen Squad
Construct Medical Station
Air Support Center
P-47 Dive Bomb
Construct Weapon Support Center
M1919 Machine Gun Team
Selects M2HB .50cal Heavy Machine Gun
M3 Armored Personnel Carrier
M1919 Machine Gun Team
Selects Rapid Reposition
Construct Tank Depot
.30 cal Machine Gun
P-47 Strafing Run
Grasshopper Recon Run
M1 Mortar Team
P-47 Dive Bomb
M4A1 Sherman Medium Tank
Selects Bolstered Team Weapons
Selects Assault Carriers
Grasshopper Recon Run
P-47 Dive Bomb
STRIKE_IIVI ➽
『BlackBear』
BlueJavaChip
NA-SON-AH
tianfenhua123
wila
MadCrown
LittleFatty233
0
0
Comments
sign in to comment!
No comments posted yet!